 Dungeon Crawl Stone Soup version 0.31-a0-232-gb1c03b2570 (webtiles) character file.

Game seed: 10513288287425874062

445 qw the Shooter (level 6, -1/56 HPs)
             Began as a Minotaur Hexslinger on July 7, 2023.
             Slain by Pikel
             ... wielding a +2 whip of freezing
              (3 damage)
             ... on level 4 of the Dungeon.
             The game lasted 00:01:41 (4206 turns).

qw the Shooter (Minotaur Hexslinger)                Turns: 4206, Time: 00:01:41

Health: -1/56      AC:  6    Str: 12    XL:     6   Next: 72%
Magic:  0/6        EV: 11    Int: 10    God:
Gold:   206        SH:  0    Dex: 15    Spells: 6/7 levels left

rFire   . . .        Y - +1 sling
rCold   . . .        (no shield)
rNeg    . . .        h - +0 ring mail
rPois   .            (helmet restricted)
rElec   .            (no cloak)
rCorr   .            c - +0 pair of gloves
SInv    .            (no boots)
Will    .....        g - amulet of guardian spirit
Stlth   +            (no ring)
HPRegen 0.29/turn    (no ring)
MPRegen 0.10/turn

%: guardian spirit
@: no status effects
A: horns 2, retaliatory headbutt, hooves 1, screaming 1, wild magic 1
a: no special abilities


You were on level 4 of the Dungeon.
You visited 1 branch of the dungeon, and saw 4 of its levels.

You collected 206 gold pieces.


Innate Abilities, Weirdness & Mutations

You have a pair of horns on your head.
You reflexively headbutt those who attack you in melee.
You have large cloven feet.
You occasionally shout uncontrollably at your foes.
Your spells are a little harder to cast, but a little more powerful.


   Skills:
 - Level 5.2 Fighting
 + Level 6.3 Ranged Weapons
 - Level 1.1 Armour
 - Level 2.1 Dodging
 - Level 1.0 Spellcasting
 - Level 2.0 Hexes


You had 6 spell levels left.
You knew the following spells:

 Your Spells              Type           Power      Damage    Failure   Level
a - Slow                  Hex            20%        N/A       43%         1

Your spell library contained the following spells:

 Spells                   Type           Power      Damage    Failure   Level
 Inner Flame              Hex/Fire       3%         N/A       88%         3
 Portal Projectile        Hex/Tloc       6%         N/A       88%         3
 Cause Fear               Hex            2%         N/A       99%         4

Inventory:

Hand Weapons
 Y - a +1 sling (weapon)
Armour
 c - a +0 pair of gloves (worn)
 h - a +0 ring mail (worn)
Jewellery
 g - an amulet of guardian spirit (around neck)
Scrolls
 a - a scroll of identify
 l - 2 scrolls of teleportation
 o - a scroll of brand weapon {unknown}
Potions
 b - a potion of mutation
 d - a potion of might
 e - a potion of heal wounds {unknown}
 i - a potion of degeneration {unknown}
 j - a potion of magic {unknown}
 k - a potion of enlightenment
 m - a potion of invisibility {unknown}
 n - a potion of lignification {unknown}
 p - a potion of haste {unknown}

Dungeon Overview and Level Annotations

Branches:
Dungeon (4/15)
 Temple: D:4-7

Altars:

Annotations:
D:3 1 runed translucent door, Crazy Yiuf
D:4 3 runed translucent doors, Pikel


Message History

Pikel hits you with a +2 whip of freezing!
Pikel freezes you. The lemure misses you. The lemure hits you.
You shoot a sling bullet. The sling bullet hits the lemure.
The lemure is almost dead.
The lemure hits you! The lemure barely misses you.
Pikel hits you but does no damage.
You shoot a sling bullet.
The sling bullet closely misses the lemure.
The lemure hits you. The lemure closely misses you.
The lemure hits you but does no damage. Pikel barely misses you.
You shoot a sling bullet. The sling bullet hits the lemure.
The lemure is almost dead.
The lemure hits you but does no damage. The lemure barely misses you. x2
The lemure hits you but does no damage.
Pikel zaps a wand.
Your will is overpowered!
You are confused.
4200 ||| DRINKING potion of curing.
You feel better.
4200 ||| (to cure confusion)
The lemure misses you. The lemure hits you. The lemure closely misses you.
You furiously retaliate!
You headbutt the lemure.
You kill the lemure!
That felt strangely unrewarding.
The lemure barely misses you.
Pikel zaps a wand.
Your will is overpowered!
You are confused.
The lemure hits you. Pikel waves his whip at you.
Pikel zaps a wand.
You resist with some effort. The lemure barely misses you.
The lemure closely misses you. The lemure hits you. Pikel closely misses you.
The lemure hits you but does no damage. The lemure barely misses you.
The lemure barely misses you.
Pikel zaps a wand.
You resist with some effort. The lemure barely misses you. The lemure hits you!
The lemure hits you but does no damage. The lemure hits you.
Pikel hits you with a +2 whip of freezing.
Pikel freezes you. The lemure hits you but does no damage.
The lemure barely misses you. The lemure completely misses you.
The lemure hits you.
Pikel zaps a wand.
You resist with some effort.
You feel less confused.
Pikel hits you with a +2 whip of freezing!
Pikel freezes you.
You die...

....... ...... .....
.... ############ #...
#..........# #..#
..#####..........# #..#
......K..........# #...
#....5@.........####.##
##...55................
#####.........)####.##
############ #.# #.#
#.## #... #### ...


You could see Pikel and 3 lemures.

Vanquished Creatures
  Sigmund (D:3)
  A lemure (D:4)
  A hound (D:4)
  2 orc priests
  Ijyb (D:3)
  Robin (D:4)
  3 adders
  3 gnolls
  A worm (D:2)
  2 dart slugs
  3 orcs
  5 ball pythons
  5 bats
  6 endoplasms
  4 giant cockroaches
  15 hobgoblins
  3 jackals (D:3)
  7 quokkas
  5 frilled lizards
  22 goblins
  7 kobolds
  4 rats (D:1)
102 creatures vanquished.

Notes
Turn   | Place    | Note
-------+----------+-------------------------------------------
     0 | D:1      | qw the Minotaur Hexslinger began the quest for the Orb.
     0 | D:1      | Reached XP level 1. HP: 16/16 MP: 1/1
     0 | D:1      | 0 ||| qw: Version: 0.3-a-46-gb1f654a
     0 | D:1      | 0 ||| qw: Game counter: 2617
     0 | D:1      | 0 ||| qw: Melee chars always use a shield: true
     0 | D:1      | 0 ||| qw: God list: Okawaru
     0 | D:1      | 0 ||| qw: Allow faded altars: false
     0 | D:1      | 0 ||| qw: Do Orc after clearing Dungeon:15 true
     0 | D:1      | 0 ||| qw: Do second Lair branch before Depths: true
     0 | D:1      | 0 ||| qw: Lair rune preference: random
     0 | D:1      | 0 ||| qw: Goals: Normal
     0 | D:1      | 0 ||| PLANNING D:1-11
    94 | D:1      | Reached skill level 3 in Ranged Weapons
   113 | D:1      | Reached XP level 2. HP: 23/23 MP: 2/2
   226 | D:1      | Found a faded altar of an unknown god.
   478 | D:1      | Reached XP level 3. HP: 28/29 MP: 3/3
   896 | D:1      | 896 ||| UPGRADING to +0 leather armour.
   906 | D:1      | 906 ||| DROPPING +0 robe.
   907 | D:1      | 907 ||| UPGRADING to +0 ring mail.
   917 | D:1      | 917 ||| DROPPING +0 leather armour.
   918 | D:1      | 918 ||| UPGRADING to amulet of guardian spirit.
   923 | D:1      | 923 ||| READING scroll labelled GUERHUGUX.
   924 | D:1      | 924 ||| DROPPING scroll of poison.
   968 | D:2      | 968 ||| STAIRDANCE
   975 | D:1      | Reached skill level 4 in Ranged Weapons
  1051 | D:2      | 1051 ||| STAIRDANCE
  1081 | D:2      | 1081 ||| STAIRDANCE
  1128 | D:2      | 1128 ||| STAIRDANCE
  1154 | D:2      | Reached skill level 1 in Armour
  1218 | D:2      | Reached XP level 4. HP: 36/36 MP: 4/4
  2075 | D:2      | 2075 ||| UPGRADING to +0 pair of gloves.
  2080 | D:2      | 2080 ||| READING 2 scrolls labelled JURAIG KO TUL.
  2081 | D:2      | 2081 ||| READING scroll labelled RAELOFF CY ZAONUYL.
  2099 | D:3      | Reached skill level 5 in Ranged Weapons
  2102 | D:3      | 2102 ||| STAIRDANCE
  2200 | D:3      | 2200 ||| STAIRDANCE
  2203 | D:2      | Reached XP level 5. HP: 34/44 MP: 1/5
  2386 | D:3      | Noticed Sigmund
  2390 | D:3      | 2390 ||| FLEEEEING.
  2393 | D:3      | 2393 ||| FLEEEEING.
  2394 | D:3      | 2394 ||| FLEEEEING.
  2395 | D:3      | 2395 ||| FLEEEEING.
  2396 | D:3      | 2396 ||| FLEEEEING.
  2397 | D:3      | 2397 ||| FLEEEEING.
  2398 | D:3      | 2398 ||| FLEEEEING.
  2399 | D:3      | 2399 ||| FLEEEEING.
  2400 | D:3      | 2400 ||| FLEEEEING.
  2401 | D:3      | 2401 ||| FLEEEEING.
  2402 | D:3      | 2402 ||| FLEEEEING.
  2403 | D:3      | 2403 ||| FLEEEEING.
  2406 | D:3      | 2406 ||| FLEEEEING.
  2407 | D:3      | 2407 ||| FLEEEEING.
  2408 | D:3      | 2408 ||| FLEEEEING.
  2409 | D:3      | 2409 ||| FLEEEEING.
  2410 | D:3      | 2410 ||| FLEEEEING.
  2411 | D:3      | 2411 ||| FLEEEEING.
  2412 | D:3      | 2412 ||| FLEEEEING.
  2413 | D:3      | 2413 ||| FLEEEEING.
  2414 | D:3      | 2414 ||| STAIRDANCE
  2454 | D:3      | 2454 ||| STAIRDANCE
  2507 | D:3      | Killed Sigmund
  2508 | D:3      | Reached XP level 6. HP: 56/56 MP: 6/6
  2831 | D:3      | Noticed Ijyb
  2843 | D:3      | 2843 ||| FLEEEEING.
  2844 | D:3      | 2844 ||| FLEEEEING.
  2845 | D:3      | 2845 ||| FLEEEEING.
  2846 | D:3      | 2846 ||| FLEEEEING.
  2847 | D:3      | 2847 ||| FLEEEEING.
  2848 | D:3      | 2848 ||| FLEEEEING.
  2849 | D:3      | 2849 ||| FLEEEEING.
  2850 | D:3      | 2850 ||| FLEEEEING.
  2851 | D:3      | 2851 ||| FLEEEEING.
  2852 | D:3      | 2852 ||| FLEEEEING.
  2853 | D:3      | 2853 ||| FLEEEEING.
  2854 | D:3      | 2854 ||| FLEEEEING.
  2855 | D:3      | 2855 ||| FLEEEEING.
  2856 | D:3      | 2856 ||| FLEEEEING.
  2857 | D:3      | 2857 ||| FLEEEEING.
  2858 | D:3      | 2858 ||| FLEEEEING.
  2859 | D:3      | 2859 ||| FLEEEEING.
  2860 | D:3      | 2860 ||| FLEEEEING.
  2874 | D:3      | 2874 ||| FLEEEEING.
  2876 | D:3      | 2876 ||| FLEEEEING.
  2877 | D:3      | 2877 ||| FLEEEEING.
  2878 | D:3      | 2878 ||| FLEEEEING.
  2879 | D:3      | 2879 ||| FLEEEEING.
  2880 | D:3      | 2880 ||| FLEEEEING.
  2881 | D:3      | 2881 ||| FLEEEEING.
  2882 | D:3      | 2882 ||| FLEEEEING.
  2883 | D:3      | 2883 ||| FLEEEEING.
  2884 | D:3      | 2884 ||| FLEEEEING.
  2885 | D:3      | 2885 ||| FLEEEEING.
  2903 | D:3      | 2903 ||| FLEEEEING.
  2904 | D:3      | 2904 ||| FLEEEEING.
  2905 | D:3      | 2905 ||| FLEEEEING.
  2906 | D:3      | 2906 ||| FLEEEEING.
  2907 | D:3      | 2907 ||| FLEEEEING.
  2908 | D:3      | 2908 ||| FLEEEEING.
  2909 | D:3      | 2909 ||| FLEEEEING.
  2910 | D:3      | 2910 ||| FLEEEEING.
  2911 | D:3      | 2911 ||| FLEEEEING.
  2923 | D:3      | Killed Ijyb
  3044 | D:3      | Found a runed translucent door.
  3045 | D:3      | Noticed Crazy Yiuf
  3694 | D:3      | 3694 ||| READING 2 scrolls labelled UTOILE UVEAW.
  3757 | D:3      | 3757 ||| DRINKING 2 bubbling pink potions.
  3757 | D:3      | Gained mutation: Your spells are a little harder to cast,
                  | but a little more powerful. [potion of mutation]
  3757 | D:3      | Gained mutation: You occasionally shout uncontrollably at
                  | your foes. [potion of mutation]
  3757 | D:3      | Gained mutation: You have large cloven feet. [potion of
                  | mutation]
  3758 | D:3      | 3758 ||| DRINKING 2 sapphire potions.
  3759 | D:3      | 3759 ||| DRINKING 2 green potions.
  3760 | D:3      | 3760 ||| READING 2 scrolls of identify.
  3760 | D:3      | 3760 ||| IDENTIFYING smoky black potion
  3796 | D:4      | Found a runed translucent gate.
  3798 | D:4      | Found a runed translucent gate.
  3799 | D:4      | Found a runed translucent gate.
  3854 | D:4      | Reached skill level 6 in Ranged Weapons
  3943 | D:4      | Noticed Robin
  3969 | D:4      | Killed Robin
  4189 | D:4      | Noticed Pikel
  4200 | D:4      | 4200 ||| DRINKING potion of curing.
  4200 | D:4      | 4200 ||| (to cure confusion)
  4203 | D:4      | HP: 11/56 [lemure[Pikel] (7)]
  4206 | D:4      | HP: 2/56 [Pikel/+2 whip of freezing (6)]
  4206 | D:4      | Slain by Pikel

Levels and vault maps discovered:
D:1:      sevenhm_arrival_forest_fort_small_6, layout_loops_cross,
          dreamdust_ecumenical_altar_hidden_monk_grotto
D:2:      layout_basic
D:3:      kennysheep_goblin_castle, layout_basic, uniq_crazy_yiuf_cottage,
          uniq_sigmund
D:4:      layout_basic, gammafunk_ghost_icy, uniq_robin, uniq_ijyb, uniq_pikel

Skill      XL: |  1  2  3  4  5  6 |
---------------+-------------------+-----
Ranged Weapons | 3 4 5 6 |  6.3
Fighting       | 2 5 |  5.2
Armour         | 1 |  1.1
Dodging        | |  2.1
Spellcasting   | |  1.0
Hexes          | |  2.0

Action                     |  1- 3 |  4- 6 || total
---------------------------+-------+-------++-------
   Fire: Sling             |    95 |   228 ||   323
    Use: Scroll            |     1 |     4 ||     5
         Potion            |       |     4 ||     4
 Armour: Robe              |     4 |       ||     4
         Ring mail         |     7 |    43 ||    50
         Skin              |       |     3 ||     3
  Dodge: Dodged            |    24 |    99 ||   123

Table legend:
 A = Non-vault XP
 B = Vault XP
 C = Vault XP percentage of total XP
 D = Non-vault monster count
 E = Vault monster count
 F = Vault count percentage of total count
                 A         B        C        D         E       F
            +---------+---------+-------+---------+---------+-------
      Total |     329 |     307 |  48.3 |      76 |      25 |  24.8
            +---------+---------+-------+---------+---------+-------
        D:1 |      58 |       0 |   0.0 |      27 |       0 |   0.0
        D:2 |     131 |       0 |   0.0 |      23 |       0 |   0.0
        D:3 |      68 |     272 |  80.0 |      16 |      13 |  44.8
        D:4 |      72 |      35 |  32.7 |      10 |      12 |  54.5
            +---------+---------+-------+---------+---------+-------
